 Dungeon Crawl Stone Soup version 0.31-a0-1625-g1a3bd5d (webtiles) character file.

Game seed: 5982722436122599265

143 lunatic the Vexing (level 5, -1/25 HPs)
             Began as a Spriggan Hexslinger on Jan 11, 2024.
             Was an Initiate of Hepliaklqana.
             Slain by a black bear (6 damage)
             ... on level 4 of the Dungeon.
             The game lasted 00:07:01 (3201 turns).

lunatic the Vexing (Spriggan Hexslinger)            Turns: 3201, Time: 00:07:02

Health: -1/25      AC:  2    Str:  4    XL:     5   Next: 4%
Magic:  5/9        EV: 17    Int: 17    God:    Hepliaklqana [......]
Gold:   171        SH:  0    Dex: 17    Spells: 3/8 levels left

rFire   . . .        a - +1 sling
rCold   . . .        (no shield)
rNeg    . . .        c - +0 robe
rPois   .            (helmet restricted)
rElec   .            (no cloak)
rCorr   +            (gloves unavailable)
SInv    +            (boots unavailable)
Will    .....        k - amulet of regeneration
Stlth   ++           p - ring of resist corrosion
HPRegen 1.04/turn    (no ring)
MPRegen 0.11/turn

%: no passive effects
@: about to teleport, weak-willed, very quick
A: very small, no large weapons, unfitting armour, see invisible, speed 3
a: Renounce Religion


You were on level 4 of the Dungeon.
You worshipped Hepliaklqana.
Hepliaklqana was noncommittal.
You visited 1 branch of the dungeon, and saw 4 of its levels.

You collected 171 gold pieces.

Inventory:

Hand Weapons
 a - a +1 sling (weapon)
 g - a +2 short sword of protection
Missiles
 r - 2 throwing nets
Armour
 c - a +0 robe (worn)
Magical Staves
 m - a staff of death
Jewellery
 k - an amulet of regeneration (around neck)
 p - a ring of resist corrosion (left hand)
Wands
 q - a wand of polymorph (8)
Scrolls
 b - a scroll of poison
 d - 2 scrolls of identify
 i - a scroll of vulnerability
 l - 3 scrolls of enchant armour
 n - a scroll of teleportation
 o - a scroll of blinking {unknown}
 s - a scroll of noise {unknown}
Potions
 e - a potion of haste {unknown}
 f - a potion of attraction {unknown}
 h - 2 potions of degeneration {unknown}
 j - 2 potions of heal wounds {unknown}


   Skills:
 - Level 0.7 Fighting
 * Level 3.6 Ranged Weapons
 - Level 2.6 Dodging
 - Level 2.0 Spellcasting
 + Level 4.9 Hexes
 - Level 2.0 Fire Magic


You had 3 spell levels left.
You knew the following spells:

 Your Spells              Type           Power      Damage    Failure   Level
a - Jinxbite              Hex            36%        N/A       3%          2
b - Sigil of Binding      Hex            18%        N/A       8%          3

Your spell library contained the following spells:

 Spells                   Type           Power      Damage    Failure   Level
 Inner Flame              Hex/Fire       13%        N/A       14%         3
 Lesser Beckoning         Tloc           2%         N/A       28%         2
 Call Canine Familiar     Summ           1%         N/A       50%         3
 Gell's Gravitas          Tloc           1%         N/A       50%         3
 Hailstorm                Conj/Ice       1%         3d5       50%         3
 Summon Ice Beast         Ice/Summ       1%         N/A       50%         3
 Teleport Other           Tloc           1%         N/A       50%         3
 Cause Fear               Hex            9%         N/A       26%         4
 Dimensional Bullseye     Hex/Tloc       5%         N/A       56%         4
 Sculpt Simulacrum        Ice/Alch       0%         N/A       100%        6


Dungeon Overview and Level Annotations

Branches:
Dungeon (4/15)
 Temple: D:4-7

Altars:
Dithmenos
Hepliaklqana

Shops:
D:1 !


Innate Abilities, Weirdness & Mutations

You are very small and have problems with some larger weapons.
You are too small for most types of armour.
You have supernaturally acute eyesight. (SInv)
You cover ground extremely quickly. (Speed+++)


Message History

The black bear growls angrily.
Casting: Jinxbite (safe; 3% risk of failure)
Confirm with . or Enter, or press ? or * to list all spells.
You inscribe a pair of binding sigils.
Casting: Sigil of Binding (quite dangerous; 8% risk of failure)
Confirm with . or Enter, or press ? or * to list all spells.
You beckon some vexing sprites to accompany your attacks.
You feel your willpower being sapped.
The black bear moves over your binding sigil and is bound in place!
You shoot a sling bullet. The sling bullet hits the black bear.
The black bear is lightly wounded.
You shoot a sling bullet. The sling bullet hits the black bear.
The black bear is lightly wounded.
A giggling sprite leaps out and makes the black bear trip over its own paws.
The black bear is lightly wounded.
You shoot a sling bullet. The sling bullet hits the black bear.
The black bear is moderately wounded.
You shoot a sling bullet.
The sling bullet barely misses the black bear.
The black bear seems less drained.
You shoot a sling bullet. The sling bullet hits the black bear.
The black bear is heavily wounded.
Your binding sigil disappears.
The black bear's lost momentum returns!
You shoot a sling bullet. The sling bullet hits the black bear.
The black bear is severely wounded.
The black bear goes berserk!
The black bear rages.
The jinxing sprites lose interest in you.
The black bear attacks as it pursues you!
The black bear misses you. The black bear claws you. x2
The black bear attacks as it pursues you!
The black bear bites you! The black bear misses you.
The black bear closely misses you.
As you read the scroll of teleportation, it crumbles to dust.
You feel strangely unstable. The black bear closely misses you. x3
The black bear bites you.
* * * LOW HITPOINT WARNING * * *
The black bear claws you.
You die...

##.....# #...####
#..## #.## #.# .#
#.## ...##. #..#
...... #h.######
...... ####@.......
.....#####...........
#.........###.......
#.......### #......
.##......## #.....
.........## ##...
.....###..## #.. ....
##..## #. ... ##..##


You could see a black bear (berserk, swift).

Vanquished Creatures
  3 gnolls (D:2)
  5 adders
  A white imp (D:4)
  2 ribbon worms (D:2)
  6 ball pythons
  6 bats
  2 endoplasms (D:1)
  4 giant cockroaches
  3 goblins
  7 hobgoblins
  7 kobolds
  3 quokkas
  A frilled lizard (D:1)
  10 rats
60 creatures vanquished.

Notes
Turn   | Place    | Note
-------+----------+-------------------------------------------
     0 | D:1      | lunatic the Spriggan Hexslinger began the quest for the
                  | Orb.
     0 | D:1      | Reached XP level 1. HP: 9/9 MP: 3/3
    95 | D:1      | Reached skill level 1 in Fire Magic
    95 | D:1      | Found Nahua's Distillery.
   162 | D:1      | Reached XP level 2. HP: 14/14 MP: 5/5
   165 | D:1      | Learned a level 2 spell: Jinxbite
   190 | D:1      | Found a faded altar of an unknown god.
   463 | D:1      | Reached skill level 4 in Hexes
   634 | D:1      | Found a shadowy altar of Dithmenos.
   701 | D:2      | Reached XP level 3. HP: 17/17 MP: 4/7
   987 | D:2      | Reached XP level 4. HP: 21/21 MP: 3/8
  1151 | D:2      | Learned a level 3 spell: Sigil of Binding
  2508 | D:3      | Found a hazy altar of Hepliaklqana.
  2606 | D:3      | Became a worshipper of Hepliaklqana the Forgotten
  3103 | D:4      | Reached XP level 5. HP: 25/25 MP: 6/9
  3182 | D:4      | Noticed a black bear
  3201 | D:4      | Slain by a black bear

Illustrated notes

Levels and vault maps discovered:
D:1:      sevenhm_arrival_forest_fort_small_6, layout_basic, serial_shops, shop,
          shapermc_ecumenical_altar_acropolis, dk_noncrumbling_3
D:2:      layout_basic
D:3:      layout_basic, lemuel_tele_altar
D:4:      layout_layer_cave

Skill      XL: |  1  2  3  4 |
---------------+-------------+-----
Fire Magic     | 1 2 |  2.0
Spellcasting   | 2 |  2.0
Hexes          | 4 |  4.9
Ranged Weapons | 3 |  3.6
Fighting       | |  0.7
Dodging        | |  2.6

Action                     |  1- 3 |  4- 6 || total
---------------------------+-------+-------++-------
   Fire: Sling             |    66 |    73 ||   139
   Cast: Jinxbite          |    13 |    33 ||    46
         Sigil of Binding  |       |     1 ||     1
    Use: Scroll            |       |     4 ||     4
 Armour: Robe              |     3 |     6 ||     9
  Dodge: Dodged            |    15 |    16 ||    31

Table legend: (Time is in decaauts)
 A = Elapsed time spent in this place.
 B = Non-inter-level travel time spent in this place.
 C = Inter-level travel time spent in this place.
 D = Time resting spent in this place.
 E = Time spent auto-exploring this place.
 F = Levels seen in this place.
 G = Mean time per level.
                   A        B        C        D        E       F      G
               +--------+--------+--------+--------+--------+-----+--------+
         Total |   2349 |   2225 |    124 |      0 |   1862 |   4 |  587.2 |
       Dungeon |   2349 |   2225 |    124 |      0 |   1862 |   4 |  587.2 |
               +--------+--------+--------+--------+--------+-----+--------+

Top non-repeatable levels by time:
     D:2: 1006 daAuts
     D:3: 751 daAuts
     D:1: 472 daAuts
     D:4: 117 daAuts
